 Dungeon Crawl Stone Soup version 0.24.1-5-g77f818bfca (webtiles) character file.

Game seed: 1987647746902697476, levelgen mode: deterministic

35147 Doot the Eclecticist (level 13, 0/68 HPs)
             Began as a Deep Elf Fire Elementalist on Apr 22, 2020.
             Was a High Priest of Vehumet.
             Hit by a silver javelin thrown by a minotaur (18 damage)
             ... in a Gauntlet.
             The game lasted 00:44:07 (16665 turns).

Doot the Eclecticist (Deep Elf Fire Elementalist)  Turns: 16665, Time: 00:44:07

Health: 0/68       AC:  9    Str:  5    XL:     13   Next: 46%
Magic:  42/43      EV: 16    Int: 26    God:    Vehumet [*****.]
Gold:   752        SH:  5    Dex: 15    Spells: 5/43 levels left

rFire    . . .     SeeInvis .   U - +2 double sword (vamp)
rCold    . . .     Gourm    .   t - +2 buckler {rPois}
rNeg     . . .     Faith    .   M - +0 steam dragon scales
rPois    +         Spirit   .   X - +2 hat
rElec    .         Reflect  .   C - +0 cloak
rCorr    .         Harm     .   (no gloves)
MR       +....     NoTele   +   O - +0 pair of boots
Stlth    ++++++....             o - amulet of magic regeneration
HPRegen  0.21/turn              B - ring of magical power
MPRegen  0.53/turn              l - ring of Shadows {Umbra +Inv Stlth+}

@: wreathed by umbra, studying 2 skills, invisible
A: no striking features
a: Renounce Religion


You were in a Gauntlet.
You worshipped Vehumet.
Vehumet was extremely pleased with you.
You were not hungry.

You visited 2 branches of the dungeon, and saw 15 of its levels.
You also visited: Gauntlet.

You collected 752 gold pieces.

Inventory:

Hand Weapons
 T - the +5 rapier "Ritiruo" {freeze, rC+}
   (You found it on level 14 of the Dungeon)

   It has been specially enchanted to freeze those struck by it, causing extra
   injury to most foes and up to half again as much damage against particularly
   susceptible opponents.
   It can also slow down cold-blooded creatures.
   It protects you from cold.
 U - a +2 vampiric double sword (weapon)
Armour
 a - a +0 robe
 t - a +2 buckler of poison resistance (worn)
 C - a +0 cloak (worn)
 F - a scarf of cloud immunity
 L - a +0 troll leather armour
 M - +0 steam dragon scales (worn)
 O - a +0 pair of boots (worn)
 X - a +2 hat (worn)
Jewellery
 l - the ring of Shadows (right hand) {Umbra +Inv Stlth+}
   (You found it in a Gauntlet)

   [ring of stealth]

   It lets you turn invisible.
   It makes you more stealthy.
 o - an amulet of magic regeneration (around neck)
 y - a cursed amulet of inaccuracy {unknown}
 A - an uncursed amulet of rage {unknown}
 B - a ring of magical power (left hand)
 R - an uncursed amulet of the gourmand {unknown}
 V - an uncursed ring of protection from cold
Wands
 n - a wand of polymorph (23)
 E - a wand of acid (12)
 I - a wand of iceblast (8)
 Q - a wand of enslavement (6)
 W - a wand of digging (5)
Scrolls
 d - 5 scrolls of teleportation
 e - 10 scrolls of remove curse {unknown}
 f - 3 scrolls of noise
 h - 3 scrolls of fear {unknown}
 k - 5 scrolls of blinking
 p - 2 scrolls of fog {unknown}
 q - 3 scrolls of immolation {unknown}
 r - a scroll of random uselessness {unknown}
 s - 6 scrolls of enchant weapon
 u - 4 scrolls of amnesia
 w - 2 scrolls of vulnerability {unknown}
 z - 2 scrolls of magic mapping {unknown}
 D - a scroll of summoning {unknown}
 Y - a scroll of brand weapon {unknown}
Potions
 b - 7 potions of curing
 g - a potion of cancellation
 i - 3 potions of lignification
 j - 2 potions of heal wounds
 m - 5 potions of ambrosia
 v - a potion of resistance {unknown}
 H - a potion of agility
 J - 2 potions of flight
 P - 2 potions of haste
 S - a potion of mutation
 Z - a potion of magic
Books
 x - a manual of Polearms
 G - a manual of Bows
Miscellaneous
 K - 3 boxes of beasts
Comestibles
 c - 35 rations


   Skills:
 + Level 3.2 Fighting
 + Level 3.1(3.2) Short Blades
 + Level 0.6(1.9) Long Blades
 + Level 1.0 Armour
 + Level 7.6 Dodging
 + Level 5.2 Stealth
 + Level 0.1 Shields
 * Level 15.8 Spellcasting
 + Level 12.5 Conjurations
 * Level 1.9 Summonings
 + Level 2.3 Translocations
 + Level 0.2 Transmutations
 + Level 12.3 Fire Magic
 + Level 2.3 Air Magic
 + Level 5.3 Earth Magic
 + Level 2.6 Poison Magic


You had 5 spell levels left.
You knew the following spells:

 Your Spells              Type           Power        Failure   Level  Hunger
a - Flame Tongue          Conj/Fire      #####        1%          1    None
b - Blink                 Tloc           N/A          2%          2    None
c - Conjure Flame         Conj/Fire      ######..     1%          3    None
d - Mephitic Cloud        Conj/Pois/Air  ######..     1%          3    None
e - Sticky Flame          Conj/Fire      ######..     1%          4    None
f - Fireball              Conj/Fire      ######....   1%          5    None
g - Ignite Poison         Fire/Tmut/Pois #####...     1%          3    None
h - Bolt of Magma         Conj/Fire/Erth ######....   1%          5    None
i - Venom Bolt            Conj/Pois      ######....   1%          5    None
j - Spellforged Servitor  Conj/Summ      ######....   41%         7    #####..

Your spell library contained the following spells:

 Spells                   Type           Power        Failure   Level  Hunger
 Magic Dart               Conj           ####         0%          1    None
 Apportation              Tloc           ####..       1%          1    None
 Shock                    Conj/Air       ####         1%          1    None
 Summon Small Mammal      Summ           ####         1%          1    None
 Throw Flame              Conj/Fire      ######       1%          2    None
 Inner Flame              Hex/Fire       ######..     1%          3    None
 Static Discharge         Conj/Air       ######..     1%          3    None
 Lightning Bolt           Conj/Air       ######....   1%          5    None
 Call Imp                 Summ           ####....     2%          2    None
 Beastly Appendage        Tmut           ###...       3%          1    None
 Swiftness                Chrm/Air       ####....     3%          2    None
 Animate Skeleton         Necr           N/A          4%          1    None
 Confusing Touch          Hex            ###...       4%          1    None
 Airstrike                Air            ####......   4%          4    None
 Sticks to Snakes         Tmut           ###.....     5%          2    None
 Call Canine Familiar     Summ           ####....     5%          3    None
 Slow                     Hex            ###.....     6%          2    None
 Spider Form              Tmut/Pois      ####......   7%          3    None
 Summon Guardian Golem    Hex/Summ       ####....     9%          3    None
 Summon Lightning Spire   Summ/Air       ####....     17%         4    None
 Summon Ice Beast         Ice/Summ       ####....     26%         4    None
 Ice Form                 Ice/Tmut       ###.....     36%         4    None
 Blade Hands              Tmut           ###.......   71%         5    None
 Metabolic Englaciation   Hex/Ice        ###.......   75%         5    None
 Bolt of Cold             Conj/Ice       ######....   13%         6    ####...
 Freezing Cloud           Conj/Ice/Air   #####.....   21%         6    ####...
 Ozocubu's Refrigeration  Ice            ###.......   80%         6    ####...
 Simulacrum               Ice/Necr       ###.......   99%         6    ####...
 Malign Gateway           Summ/Tloc      ####......   100%        7    #####..
 Monstrous Menagerie      Summ           ####......   100%        7    #####..
 Summon Greater Demon     Summ           ####......   100%        7    #####..
 Summon Horrible Things   Summ           ####......   100%        8    #######


Dungeon Overview and Level Annotations

Branches:
Dungeon (14/15)            Temple (1/1) D:4            Lair (0/6) D:8
    Orc (0/2) D:12         Vaults (0/5) D:13        Gauntlet (1/1)

Altars:
Ashenzari
Cheibriados
Dithmenos
Elyvilon
Fedhas
Gozag
Hepliaklqana
Kikubaaqudgha
Makhleb
Nemelex Xobeh
Okawaru
Qazlal
Ru
Sif Muna
Trog
Uskayaw
Vehumet
Wu Jian
Xom
Yredelemnul
Zin
The Shining One

Shops:
D:7 [

Annotations:
D:5 3 runed translucent doors, Ortigal's ghost, novice DsAK; cada's ghost, novice NaFi
D:8 1 runed translucent door, smzp's ghost, novice GrEE Gauntlet 10 transporters


Message History

* * * LOW HITPOINT WARNING * * *
x2
Casting: Mephitic Cloud (safe; 1% risk of failure)
Confirm with . or Enter, or press ? or * to list all spells.
You can't see any susceptible monsters within range! (Use Z to cast anyway.)
Press: ? - help, v - describe, . - travel The floor.
This square is wreathed by an umbra.
Press: ? - help, v - describe, . - travel
Here: a minotaur, wielding a +1 demon whip of freezing, wearing the +27 Lear's hauberk and wearing the ring of Kumuc {rPois rC+ MR++ Int+3 SInv} (noxious fumes, umbra)
An open door.
Press: ? - help, v - describe, . - travel
Here: a minotaur, wielding a +1 demon whip of freezing, wearing the +27 Lear's hauberk and wearing the ring of Kumuc {rPois rC+ MR++ Int+3 SInv} (noxious fumes, umbra)
An open door.
Unknown command.
Unknown command.
Unknown command.
You fade into invisibility!
The minotaur throws a silver javelin.
The silver javelin pierces through you!!
You die...

#≈.......#.#..≈∩≈..#.#.......
##########.#########.########
#8# #§...............≈# #8 ##
#8.8.8.8.8.8.8.8.8# ##
#≈...............≈#
###.#.#######.#.### #.#..(.#
.#.# #.#.##.#.##.# #
#...@......... #.#..##H##..#.
#.#..# .8# # #....# .H#
###8.# .8# #### .=# .8#


You could see a minotaur.

Vanquished Creatures
  Gastronok (D:12)
  Erolcha (D:10)
  3 vault guards (D:13)
  A hydra (D:11)
  5 two-headed ogres
  A centaur warrior (D:14)
  Urug (D:12)
  A tengu warrior (D:14)
  A soul eater (Gauntlet)
  4 sixfirhies (Gauntlet)
  A slime creature (Gauntlet)
  An ugly thing (D:13)
  A deep elf mage (D:13)
  3 cyclopes
  2 centaur zombies (D:13)
  Joseph (D:10)
  3 centaur skeletons
  2 gargoyles
  2 kobold demonologists (D:9)
  7 trolls
  Grinder (D:3)
  A hornet (D:10)
  4 hippogriffs
  Prince Ribbit (D:5)
  Sigmund (D:2)
  A shadow (D:13)
  A basilisk (D:14)
  A vampire (D:13)
  6 yaks (D:9)
  3 hogs (D:9)
  11 humans
  3 hungry ghosts
  Grum (D:10)
  4 wyverns
  A steam dragon (D:11)
  2 water moccasins
  15 orc warriors
  4 phantoms
  6 sky beasts
  2 eyes of draining
  2 ice beasts
  10 ogres
  2 wolves (D:10)
  10 centaurs
  A crocodile (D:12)
  9 big kobolds
  10 bullfrogs
  2 gnoll sergeants (D:12)
  A wyvern skeleton (D:14)
  2 water moccasin skeletons
  6 scorpions
  3 killer bees (D:7)
  7 wights
  5 howler monkeys
  A lava snake (D:13)
  5 crimson imps
  3 quasits
  4 bullfrog zombies
  3 jellies
  21 orc priests
  5 bullfrog skeletons
  8 hounds
  Terence (D:2)
  Jessica (D:2)
  3 iguanas
  Natasha (thrice) (D:3)
  16 orc wizards
  6 worker ants
  A hound skeleton (D:5)
  4 worker ant zombies
  Robin (D:3)
  9 gnolls
  8 adders
  5 shadow imps
  4 oozes
  2 adder zombies (D:6)
  2 adder skeletons
  3 worms
  5 dart slugs
  4 leopard geckos
  53 orcs
  7 bats
  3 giant cockroaches
  12 hobgoblins
  3 jackals (D:8)
  22 kobolds
  3 quokkas
  3 frilled lizards (D:2)
  17 goblins
  2 jackal skeletons
  A quokka skeleton (D:8)
  A quokka zombie (D:5)
  8 rats
444 creatures vanquished.

Vanquished Creatures (others)
  A human (D:13)
  2 withered plants (D:5)
3 creatures vanquished.

Grand Total: 447 creatures vanquished

Notes
Turn   | Place    | Note
-------+----------+-------------------------------------------
     0 | D:1      | Doot the Deep Elf Fire Elementalist began the quest for the
                  | Orb.
     0 | D:1      | Reached XP level 1. HP: 10/10 MP: 6/6
   325 | D:3      | Reached XP level 2. HP: 15/15 MP: 2/8
   376 | D:3      | Learned a level 2 spell: Blink
   435 | D:3      | Noticed Natasha
   548 | D:3      | Killed Natasha
   548 | D:3      | Reached XP level 3. HP: 10/19 MP: 4/9
   553 | D:3      | Learned a level 3 spell: Conjure Flame
   725 | D:3      | Found a hazy altar of Hepliaklqana.
   804 | D:3      | Noticed Natasha
   822 | D:3      | Killed Natasha
   889 | D:3      | Learned a level 3 spell: Mephitic Cloud
  1009 | D:3      | Noticed Natasha
  1020 | D:2      | Noticed Jessica
  1021 | D:2      | Reached XP level 4. HP: 11/24 MP: 9/11
  1024 | D:2      | Killed Jessica
  1183 | D:3      | Killed Natasha
  1183 | D:3      | Reached skill level 4 in Spellcasting
  1234 | D:3      | Noticed Grinder
  1522 | D:4      | Reached XP level 5. HP: 28/28 MP: 3/14
  1609 | D:4      | Learned a level 4 spell: Sticky Flame
  1617 | D:4      | Found a staircase to the Ecumenical Temple.
  1636 | D:4      | Noticed an ogre
  1652 | Temple   | Entered the Ecumenical Temple
  2586 | D:2      | Noticed Terence
  2587 | D:2      | Noticed Sigmund
  2597 | D:2      | Killed Terence
  2597 | D:2      | Reached skill level 5 in Spellcasting
  2597 | D:2      | Reached skill level 5 in Fire Magic
  2732 | D:2      | Killed Sigmund
  2732 | D:2      | Reached XP level 6. HP: 32/32 MP: 4/16
  3274 | D:3      | Noticed Robin
  3303 | D:4      | Found an opulent altar of Gozag.
  3554 | D:4      | Reached skill level 6 in Spellcasting
  3558 | D:4      | Reached XP level 7. HP: 13/36 MP: 7/18
  3846 | D:4      | Learned a level 5 spell: Fireball
  4108 | D:4      | Reached skill level 7 in Spellcasting
  4686 | D:3      | Paralysed by Grinder for 6 turns
  4699 | D:3      | Killed Grinder
  4699 | D:3      | Reached skill level 5 in Conjurations
  4699 | D:3      | Reached XP level 8. HP: 39/42 MP: 4/21
  5006 | D:3      | Killed Robin
  5333 | D:5      | Entered Level 5 of the Dungeon
  5476 | D:5      | Reached skill level 8 in Spellcasting
  5647 | D:5      | Reached skill level 1 in Poison Magic
  5688 | D:5      | Found a runed translucent gate.
  5688 | D:5      | Found a runed translucent gate.
  5688 | D:5      | Found a runed translucent gate.
  5688 | D:5      | Noticed Ortigal's ghost (novice DsAK)
  5689 | D:5      | Noticed cada's ghost (novice NaFi)
  5925 | D:5      | Noticed a two-headed ogre
  5938 | D:5      | Killed a two-headed ogre
  5938 | D:5      | Reached skill level 1 in Fighting
  5938 | D:5      | Reached skill level 9 in Spellcasting
  5938 | D:5      | Reached skill level 1 in Air Magic
  5938 | D:5      | Reached XP level 9. HP: 47/47 MP: 10/24
  6060 | D:5      | Noticed Prince Ribbit
  6073 | D:5      | Killed Prince Ribbit
  6306 | D:5      | Found a blossoming altar of Fedhas.
  6731 | D:6      | Found a glowing golden altar of the Shining One.
  6905 | D:6      | Reached skill level 5 in Dodging
  6982 | D:6      | Reached skill level 10 in Spellcasting
  7212 | D:6      | Found a sacrificial altar of Ru.
  7265 | D:6      | Found a radiant altar of Vehumet.
  7270 | D:6      | Became a worshipper of Vehumet
  8213 | D:7      | Found Bashreru's Armour Emporium.
  8356 | D:7      | Reached XP level 10. HP: 54/54 MP: 21/26
  8503 | D:7      | Found a bloodstained altar of Trog.
  8641 | D:8      | Noticed smzp's ghost (novice GrEE)
  8644 | D:8      | Found a runed translucent door.
  8661 | D:8      | Reached * piety under Vehumet
  8661 | D:8      | Offered knowledge of Sting by Vehumet.
  8681 | D:8      | Reached skill level 11 in Spellcasting
  9035 | D:8      | Found a shattered altar of Ashenzari.
  9044 | D:8      | Found a staircase to the Lair.
  9149 | D:8      | Reached ** piety under Vehumet
  9149 | D:8      | Offered knowledge of Freeze by Vehumet.
  9245 | D:8      | Found a sparkling altar of Nemelex Xobeh.
  9303 | D:8      | Found a shimmering blue altar of Sif Muna.
  9656 | D:9      | Noticed a two-headed ogre
  9663 | D:9      | Killed a two-headed ogre
 10023 | D:9      | Found a bloodstained altar of Trog.
 10111 | D:9      | Found an iron altar of Okawaru.
 10181 | D:9      | Offered knowledge of Dazzling Spray by Vehumet.
 10249 | D:9      | Reached skill level 5 in Stealth
 10336 | D:9      | Reached *** piety under Vehumet
 10336 | D:9      | Reached skill level 12 in Spellcasting
 10342 | D:9      | Reached XP level 11. HP: 56/60 MP: 18/29
 10525 | D:9      | Found a sparkling altar of Nemelex Xobeh.
 10526 | D:9      | Found a shadowy altar of Dithmenos.
 10930 | D:10     | Entered Level 10 of the Dungeon
 10939 | D:9      | Reached skill level 1 in Translocations
 10978 | D:10     | Noticed Erolcha
 10979 | D:10     | Noticed a two-headed ogre
 11123 | D:9      | Killed a two-headed ogre
 11123 | D:9      | Reached skill level 10 in Fire Magic
 11244 | D:9      | Offered knowledge of Ignite Poison by Vehumet.
 11257 | D:9      | Learned a level 3 spell: Ignite Poison
 11459 | D:10     | Reached skill level 10 in Conjurations
 11743 | D:10     | Killed Erolcha
 11743 | D:10     | Reached **** piety under Vehumet
 11743 | D:10     | Reached skill level 13 in Spellcasting
 11745 | D:10     | Noticed a two-headed ogre
 11772 | D:10     | Killed a two-headed ogre
 11927 | D:10     | Offered knowledge of Bolt of Magma by Vehumet.
 11936 | D:10     | Learned a level 5 spell: Bolt of Magma
 12028 | D:10     | Noticed a two-headed ogre
 12035 | D:10     | Killed a two-headed ogre
 12121 | D:10     | Noticed Grum
 12125 | D:10     | Killed Grum
 12128 | D:10     | Noticed Joseph
 12131 | D:10     | Killed Joseph
 12420 | D:11     | Reached XP level 12. HP: 56/64 MP: 18/31
 12562 | D:11     | Reached ***** piety under Vehumet
 12738 | D:11     | Offered knowledge of Venom Bolt by Vehumet.
 12745 | D:11     | Learned a level 5 spell: Venom Bolt
 12944 | D:11     | Reached skill level 1 in Armour
 12960 | D:11     | Reached skill level 14 in Spellcasting
 13049 | D:11     | Reached skill level 1 in Earth Magic
 13085 | D:11     | Found an opulent altar of Gozag.
 13414 | D:11     | Noticed a five-headed hydra
 13418 | D:11     | Killed a five-headed hydra
 13931 | D:12     | Found a staircase to the Orcish Mines.
 14299 | D:12     | Noticed Urug
 14300 | D:12     | Noticed Gastronok
 14314 | D:12     | Killed Gastronok
 14315 | D:12     | Killed Urug
 15135 | D:13     | Noticed a vault guard
 15140 | D:13     | Noticed a vault guard
 15142 | D:13     | Killed a vault guard
 15144 | D:13     | Noticed a vault guard
 15150 | D:13     | Killed a vault guard
 15150 | D:13     | Reached skill level 15 in Spellcasting
 15150 | D:13     | Reached XP level 13. HP: 68/68 MP: 23/34
 15220 | D:13     | Found a gate to the Vaults.
 15772 | D:14     | Offered knowledge of Spellforged Servitor by Vehumet.
 15776 | D:14     | Reached skill level 5 in Earth Magic
 15785 | D:14     | Learned a level 7 spell: Spellforged Servitor
 15799 | D:14     | Got an ancient rapier
 15800 | D:14     | Identified the +5 rapier "Ritiruo" {freeze, rC+} (You found
                  | it on level 14 of the Dungeon)
 15950 | D:14     | Found a gate leading to a gauntlet.
 15966 | Gauntlet | Entered a Gauntlet
 15966 | Gauntlet | Found a transporter.
 15966 | Gauntlet | Found a transporter.
 15970 | Gauntlet | Found a transporter.
 15979 | Gauntlet | Found a transporter.
 15996 | Gauntlet | Noticed a death ooze
 15997 | Gauntlet | Found a transporter.
 16007 | Gauntlet | Found a transporter.
 16007 | Gauntlet | Found a transporter.
 16011 | Gauntlet | Found a transporter.
 16017 | Gauntlet | Found the ring of Shadows {Umbra +Inv Stlth+}
 16038 | Gauntlet | Found a transporter.
 16052 | Gauntlet | Found a transporter.
 16061 | Gauntlet | Found a transporter.
 16107 | Gauntlet | Found a transporter.
 16123 | Gauntlet | Found a transporter.
 16136 | Gauntlet | Found a transporter.
 16224 | Gauntlet | Found a transporter.
 16238 | Gauntlet | Found a transporter.
 16337 | Gauntlet | Reached skill level 1 in Summonings
 16474 | Gauntlet | HP: 5/102 [sixfirhy (11)]
 16658 | Gauntlet | Identified the ring of Kumuc {rPois rC+ MR++ Int+3 SInv}
 16658 | Gauntlet | Noticed a minotaur
 16665 | Gauntlet | Hit by a silver javelin thrown by a minotaur

Levels and vault maps discovered:
D:1:      dpeg_arrival_oval, layout_basic, ebering_dispersal_statue_hall
D:2:      layout_loops_ring, first_ration, uniq_jessica, uniq_sigmund,
          uniq_terence
D:3:      layout_basic, marbit_many_paths, uniq_grinder, uniq_natasha,
          uniq_robin
D:4:      layout_cave_pods, lemuel_round_altar, minmay_temple_entry_junction,
          minivault_5
D:5:      layout_basic, lemuel_doored_altar, gammafunk_ghost_cemetery,
          uniq_prince_ribbit1
D:6:      layout_layer_cave, kennysheep_little_box, kennysheep_mini,
          nicolae_overflow_crystal_walls, minmay_manual_mandibuliform
D:7:      layout_loops_ring, kennysheep_mini_moat, serial_shops,
          nicolae_shop_waterfront, minmay_misc_feat_tiny
D:8:      layout_basic, ashenzari_altar_1, led_sif_book, lair_entry_dummy,
          hellmonk_ghost_happy_afterlife, nemelex_dance_club_becter
D:9:      layout_loops_corners, okawaru_humans,
          gammafunk_temple_overflow_statue, basic_altar, grunt_livestock
D:10:     layout_rooms, kennysheep_generic_room_7, uniq_erolcha, uniq_joseph,
          uniq_grum
D:11:     layout_basic, basic_altar, kennysheep_potato
D:12:     layout_gridville, kennysheep_orc_monster_closet_entryway,
          lemuel_flamethrower_3, uniq_gastronok, uniq_urug
D:13:     layout_irregular_city, ximxim_vaults_locker_room,
          nicolae_lava_and_water, minmay_diced_spiral
D:14:     layout_cave_pools, gauntlet_entry_generic, st_stairs_8,
          guppyfry_shop_earth
Temple:   jpeg_temple_alley_garden
Gauntlet: gammafunk_gauntlet_branching [nicolae_gauntlet_arena_x,
          gammafunk_gauntlet_arena_teeth, gammafunk_gauntlet_arena_grid,
          nicolae_gauntlet_swirl, gammafunk_gauntlet_arena_open,
          nicolae_gauntlet_arena_quarters, nicolae_gauntlet_arena_blocks,
          nicolae_gauntlet_arena_t_cross,
          nicolae_gauntlet_exit_dead_adventurers]

Skill      XL: |  1  2  3  4  5  6  7  8  9 10 11 12 13 |
---------------+----------------------------------------+-----
Fire Magic     | 4 5 6 7 8 9 10 12 | 12.3
Dodging        | 3 4 5 7 |  7.6
Conjurations   | 2 3 5 6 8 9 11 12 | 12.5
Spellcasting   | 4 5 6 7 9 10 12 13 15 | 15.8
Stealth        | 3 4 5 |  5.2
Poison Magic   | 1 2 |  2.6
Fighting       | 1 2 3 |  3.2
Air Magic      | 1 2 |  2.3
Short Blades   | 3 |  3.1
Translocations | 2 |  2.3
Armour         | 1 |  1.0
Earth Magic    | 4 5 |  5.3
Summonings     | 1 |  1.9
Long Blades    | |  0.6
Shields        | |  0.1
Transmutations | |  0.2

Action                   |  1- 3 |  4- 6 |  7- 9 | 10-12 | 13-15 || total
-------------------------+-------+-------+-------+-------+-------++-------
Melee: Unarmed           |       |     2 |       |       |       ||     2
       Dagger            |       |       |    61 |     2 |       ||    63
       Short sword       |       |       |       |   150 |       ||   150
       Double sword      |       |       |       |     1 |       ||     1
 Cast: Flame Tongue      |    30 |    96 |   145 |   123 |     6 ||   400
       Mephitic Cloud    |       |     5 |     4 |    17 |     1 ||    27
       Conjure Flame     |       |     4 |    12 |    13 |     2 ||    31
       Sticky Flame      |       |     2 |    31 |    52 |     7 ||    92
       Fireball          |       |       |    11 |    95 |    10 ||   116
       Blink             |       |       |     1 |    12 |     2 ||    15
       Bolt of Magma     |       |       |       |    76 |    37 ||   113
       Venom Bolt        |       |       |       |     8 |     5 ||    13
       Ignite Poison     |       |       |       |     2 |       ||     2
  Use: Scroll            |       |       |       |       |    14 ||    14
       Potion            |       |       |       |       |     4 ||     4
 Stab: Sleeping          |       |       |       |     6 |       ||     6
  Eat: Chunk             |       |     9 |    15 |    32 |     3 ||    59
       Ration            |       |       |     1 |       |     1 ||     2
Armor: Robe              |     1 |     8 |    17 |    35 |       ||    61
       Skin              |       |     2 |       |       |    19 ||    21
       Troll leather arm |       |       |       |     5 |       ||     5
       Steam dragon scal |       |       |       |     7 |     2 ||     9
Dodge: Dodged            |    10 |    23 |    86 |   212 |    11 ||   342
Block: Buckler           |       |       |       |       |     8 ||     8
       Rpst.: Double sword |       |       |       |     3 |     4 ||     7
